 Dungeon Crawl Stone Soup version 0.29-a0-721-g7f417c9bbb (webtiles) character file.

Game seed: 7563725470811435561

4486 lunkers the Geomancer (level 10, -6/71 (79) HPs)
             Began as a Meteoran Earth Elementalist on June 28, 2022.
             Was a Follower of Vehumet.
             Mangled by a wight
             ... wielding a +1 trident of freezing
              (11 damage)
             ... on level 8 of the Dungeon.
             The game lasted 00:13:09 (3229 turns).

lunkers the Geomancer (Meteoran Earth Elementalist) Turns: 3229, Time: 00:13:09

HP:   -6/71 (79)    AC:  6    Str: 10    XL:     10   Next: 96%
MP:   15/42         EV: 13    Int: 22    God:    Vehumet [*.....]
Gold: 140           SH:  0    Dex: 14    Spells: 17/27 levels left

rFire   . . .      SeeInvis .   d - staff of earth
rCold   + . .      Faith    .   (no shield)
rNeg    . . .      Spirit   .   l - +2 leather armour {rC+}
rPois   .          Reflect  .   G - +1 hat
rElec   .          Harm     .   (no cloak)
rCorr   .          Rampage  .   (no gloves)
Will    +....                   (no boots)
Stlth   +.........              (no amulet)
HPRegen 0.21/turn               v - ring of magical power
MPRegen 0.28/turn               p - ring of magical power

@: glowing, heavily drained
A: sense surroundings 2, otherworldly, glowing, explore regen
a: Renounce Religion


You were on level 8 of the Dungeon.
You worshipped Vehumet.
Vehumet was aware of your devotion.
You visited 2 branches of the dungeon, and saw 9 of its levels.
You also visited: Sewer.

You collected 358 gold pieces.
You spent 218 gold pieces at shops.

Inventory:

Hand Weapons
 m - a +4 dagger of flaming
 w - the +8 dagger "Gypoylia" {drain, rN+ Str+4}
   (You found it on level 5 of the Dungeon)

   A truly terrible weapon, it drains the life of any living foe it strikes.
   Str:       It affects your strength (+4).
   rN:        It protects you from negative energy.
Armour
 l - a +2 leather armour of cold resistance (worn)
 D - a +1 robe of fire resistance
 G - a +1 hat (worn)
 H - the +1 pair of boots of the Breathing Gods {Harm rF+ Str+4 Dex-2}
   (You bought it in a shop on level 5 of the Dungeon)

   Str:       It affects your strength (+4).
   Dex:       It affects your dexterity (-2).
   rF:        It protects you from fire.
   Harm:      It increases damage dealt and taken.
Magical Staves
 d - a staff of earth (weapon)
Jewellery
 h - a ring of fire
 o - a ring of wizardry
 p - a ring of magical power (right hand)
 v - a ring of magical power (left hand)
Wands
 q - a wand of polymorph (5)
 s - a wand of paralysis (7)
 t - a wand of mindburst (9)
 I - a wand of light (4)
Scrolls
 a - a scroll of blinking
 c - a scroll of teleportation
 k - a scroll of torment
 B - a scroll of magic mapping
Potions
 b - 2 potions of magic
 e - 3 potions of lignification
 f - 2 potions of mutation
 g - 2 potions of resistance
 i - a potion of invisibility {unknown}
 j - a potion of cancellation {unknown}
 r - 5 potions of curing {unknown}
 u - a potion of brilliance {unknown}
 x - a potion of berserk rage {unknown}
 z - a potion of might {unknown}
 A - 5 potions of heal wounds


   Skills:
 + Level 4.3 Fighting
 + Level 5.5 Dodging
 - Level 1.4 Stealth
 + Level 9.1 Spellcasting
 - Level 9.4 Conjurations
 - Level 1.2 Transmutations
 - Level 10.6 Earth Magic


You had 17 spell levels left.
You knew the following spells:

 Your Spells              Type           Power      Damage    Failure   Level
a - Stone Arrow           Conj/Erth      100%       3d13      1%          3
b - Passwall              Tmut/Erth      44%        N/A       1%          2
c - Sandblast             Erth           100%       2d20      1%          1
d - Petrify               Tmut/Erth      53%        N/A       8%          4

Your spell library contained the following spells:

 Spells                   Type           Power      Damage    Failure   Level
 Magic Dart               Conj           100%       1d8       1%          1


Dungeon Overview and Level Annotations

Branches:
Dungeon (8/15) Zot: 2117   Temple (1/1) D:7 Zot: 429   Sewer (visited)
   Lair: D:8-11

Altars:
Ashenzari
Cheibriados
Dithmenos
Elyvilon
Fedhas
Gozag
Hepliaklqana
Makhleb
Nemelex Xobeh
Qazlal
Sif Muna
Trog
Uskayaw
Vehumet
Wu Jian
Xom
Yredelemnul
Zin
The Shining One

Shops:
D:5 *   D:8 *

Annotations:
D:8 Maggie


Innate Abilities, Weirdness & Mutations

You passively map the area around you.
You are easily found by Zot.
You glow in the dark.
You regain HP and MP as you explore.


Message History

You feel drained.
* * * LOW HITPOINT WARNING * * *
The wight hits you from afar with a +1 trident of freezing.
* * * LOW HITPOINT WARNING * * *
You feel drained.
* * * LOW HITPOINT WARNING * * *
The wight freezes you.
* * * LOW HITPOINT WARNING * * *
The wight hits you from afar with a +0 trident!
* * * LOW HITPOINT WARNING * * *
Unknown command.
Unknown command.
As you read the scroll of fear, it crumbles to dust.
You assume a fearsome visage.
Maggie looks frightened!
The wight is unaffected. x2
You break out of your daze!
Maggie gibbers meaninglessly.
The wight closely misses you. The wight barely misses you.
Casting: Stone Arrow (safe; 1% risk of failure)
Confirm with . or Enter, or press ? or * to list all spells.
Aiming: Stone Arrow (safe; 1% risk of failure)
Press: ? - help, Shift-Dir - straight line, f - wight, p - Maggie
Aim: a wight, wielding a +0 trident and wearing a +0 robe (78% to hit)
You feel a surge of power!
The stone arrow hits the wight!
The wight is heavily damaged.
The wight closely misses you.
The wight hits you from afar with a +0 trident.
* * * LOW HITPOINT WARNING * * *
Unknown command.
Casting: Stone Arrow (safe; 1% risk of failure)
Confirm with . or Enter, or press ? or * to list all spells.
Aiming: Stone Arrow (safe; 1% risk of failure)
Press: ? - help, Shift-Dir - straight line, f/p - wight
Aim: a wight, wielding a +0 trident and wearing a +0 robe (heavily damaged, 78% to hit)
You feel a surge of power!
The stone arrow hits the wight!!
You destroy the wight!
Vehumet accepts your kill.
You can now gain magical power from killing.
Vehumet offers you knowledge of Magic Dart.
The wight hits you from afar with a +1 trident of freezing!
You die...

, , **#... , , ,, ,...* .. ...#
,,* , * , ....##..*...* , ,
,#..#..# ..** ## ** . #.....# .#
#.@. , , * * . ..##....##.#.....
, , * *,,..,............../. , ,
, , ...,##.....$)..)... * *
....#.....@.z...... *
...............$... ,
#.................. *
############..##........ * ##
##....##.###.......<...... , #.
#............#............ ####.
#..##'##....###...........###....
..##≈.≈##..................##....
.##§§.≈≈##.).#.....)##..##.#.....


You could see Maggie (fleeing) and a wight.

Vanquished Creatures
  Joseph (D:7)
  A troll (D:7)
  Grinder (D:3)
  Prince Ribbit (D:6)
  A steam dragon (D:7)
  An acid dragon (D:8)
  2 water moccasins
  An ice beast (D:5)
  3 black bears
  A sky beast (D:7)
  An ogre (D:6)
  3 centaurs
  2 kobold brigands
  4 bullfrogs
  2 necrophages (D:5)
  A scorpion (D:6)
  21 wights
  2 howler monkeys (D:6)
  7 hounds
  2 orc priests
  3 jellies
  4 iguanas
  An orc wizard (D:5)
  6 adders
  2 river rats (Sewer)
  A shadow imp (D:7)
  2 white imps
  An ufetubus (D:4)
  5 worms (Sewer)
  20 orcs
  9 ball pythons
  8 endoplasms
  6 giant cockroaches
  4 goblins
  5 hobgoblins
  3 jackals (D:5)
  12 kobolds
  5 quokkas
  2 frilled lizards (D:3)
  6 rats
163 creatures vanquished.

Notes
Turn   | Place    | Note
-------+----------+-------------------------------------------
     0 | D:1      | lunkers the Meteoran Earth Elementalist began the quest for
                  | the Orb.
     0 | D:1      | Reached XP level 1. HP: 14/14 MP: 5/5
   160 | D:1      | Reached XP level 2. HP: 20/20 MP: 4/6
   162 | D:1      | Reached skill level 4 in Earth Magic
   191 | D:2      | Learned a level 2 spell: Passwall
   246 | D:2      | Reached XP level 3. HP: 26/26 MP: 6/8
   279 | D:2      | Found a glowing silver altar of Zin.
   299 | D:2      | Learned a level 3 spell: Stone Arrow
   438 | D:3      | Reached XP level 4. HP: 22/33 MP: 5/10
   583 | D:3      | Found a glowing silver altar of Zin.
   605 | D:3      | Noticed Grinder
   611 | D:3      | Paralysed by Grinder for 2 turns
   612 | D:3      | Killed Grinder
   613 | D:3      | Reached skill level 6 in Earth Magic
   613 | D:3      | Reached XP level 5. HP: 38/38 MP: 2/12
   613 | D:3      | Reached XP level 6. HP: 45/45 MP: 2/13
   619 | D:3      | Learned a level 4 spell: Petrify
   743 | D:4      | Reached XP level 7. HP: 50/50 MP: 14/14
   981 | D:5      | Entered Level 5 of the Dungeon
   981 | D:5      | Found Suaf Xuq's Assorted Antiques.
  1037 | D:5      | Identified the +8 dagger "Gypoylia" {drain, rN+ Str+4}
  1077 | D:5      | Reached skill level 5 in Spellcasting
  1077 | D:5      | Reached skill level 5 in Conjurations
  1077 | D:5      | Reached skill level 7 in Earth Magic
  1121 | D:5      | Reached XP level 8. HP: 57/57 MP: 16/16
  1276 | D:5      | Found a shimmering altar of Xom.
  1286 | D:5      | Reached skill level 8 in Earth Magic
  1410 | D:6      | Found a glowing drain.
  1438 | Sewer    | Entered a sewer
  1654 | Sewer    | Gained mutation: You passively map the area around you.
                  | [Meteoran growth]
  1654 | Sewer    | Reached XP level 9. HP: 62/62 MP: 19/19
  1812 | Sewer    | Glimpsed the power of Zot.
  1851 | Sewer    | Glimpsed the power of Zot.
  1880 | Sewer    | Glimpsed the power of Zot.
  1985 | D:6      | Reached skill level 9 in Earth Magic
  2248 | D:6      | Noticed Prince Ribbit
  2251 | D:6      | Reached skill level 10 in Earth Magic
  2253 | D:6      | Killed Prince Ribbit
  2407 | D:6      | Reached XP level 10. HP: 61/69 MP: 21/21
  2507 | D:5      | Bought a pair of dazzling boots for 218 gold pieces
  2507 | D:5      | Identified the +1 pair of boots of the Breathing Gods {Harm
                  | rF+ Str+4 Dex-2} (You bought it in a shop on level 5 of the
                  | Dungeon)
  2609 | D:7      | Found a stormy altar of Qazlal.
  2645 | D:7      | Found a staircase to the Ecumenical Temple.
  2654 | Temple   | Entered the Ecumenical Temple
  2781 | Temple   | Became a worshipper of Vehumet
  2855 | D:7      | Reached skill level 1 in Fighting
  2894 | D:7      | Noticed Joseph
  2901 | D:7      | Killed Joseph
  3049 | D:8      | Found Liugom's Assorted Antiques.
  3072 | D:7      | Reached skill level 5 in Dodging
  3169 | D:8      | Found a broken altar of Ashenzari.
  3170 | D:8      | Found a basalt altar of Yredelemnul.
  3170 | D:8      | Found a sparkling altar of Nemelex Xobeh.
  3216 | D:8      | Noticed Maggie
  3229 | D:8      | Reached * piety under Vehumet
  3229 | D:8      | Offered knowledge of Magic Dart by Vehumet.
  3229 | D:8      | Mangled by a wight

Illustrated notes

Levels and vault maps discovered:
D:1:      sevenhm_arrival_forest_fort_large_4, layout_loops_corners,
          basic_ecumenical_altar, amcnicky_mini_pool_small
D:2:      layout_rooms, basic_altar
D:3:      layout_loops_ring, mainiacjoe_overflow_six_doors_small,
          lemuel_crystal_altar, uniq_grinder
D:4:      layout_loops_cross, dk_rats_in_the_wall
D:5:      layout_basic, mainiacjoe_overflow_chevrons, serial_shops,
          nicolae_shop_hallway_stairs
D:6:      lemuel_ice_spiral_2, layout_basic, portal_sewer_entry_f,
          minmay_strange_pillars, uniq_prince_ribbit1
D:7:      layout_cave_pools, grunt_qazlal_clouds, minmay_temple_entry_poolview,
          chequers_serial_rivers_large_a, uniq_joseph
D:8:      layout_cave_pools, gammafunk_temple_overflow_claw, serial_shops,
          nicolae_shop_hallway_stairs, nicolae_sextant, uniq_maggie
Temple:   compressed_dpeg_triangle_lava_temple

Skill      XL: |  1  2  3  4  5  6  7  8  9 10 |
---------------+-------------------------------+-----
Earth Magic    | 4 6 7 8 10 | 10.6
Spellcasting   | 3 4 5 6 7 9 |  9.1
Conjurations   | 3 5 6 9 |  9.4
Fighting       | 4 |  4.3
Dodging        | 5 |  5.5
Stealth        | |  1.4
Transmutations | |  1.2

Action                   |  1- 3 |  4- 6 |  7- 9 | 10-12 || total
-------------------------+-------+-------+-------+-------++-------
Melee: Staff             |     1 |     2 |     1 |       ||     4
 Cast: Sandblast         |    21 |    15 |    16 |     2 ||    54
       Stone Arrow       |       |     2 |   118 |    72 ||   192
  Use: Scroll            |       |       |     1 |    13 ||    14
Armor: Robe              |       |     3 |     3 |     4 ||    10
       Leather armour    |       |       |       |     2 ||     2
Dodge: Dodged            |     8 |     7 |    13 |    32 ||    60

Table legend: (Time is in decaauts)
 A = Elapsed time spent in this place.
 B = Non-inter-level travel time spent in this place.
 C = Inter-level travel time spent in this place.
 D = Time resting spent in this place.
 E = Time spent auto-exploring this place.
 F = Levels seen in this place.
 G = Mean time per level.
                   A        B        C        D        E       F      G
               +--------+--------+--------+--------+--------+-----+--------+
         Total |   3448 |   3084 |    364 |      0 |    937 |  10 |  344.8 |
       Dungeon |   2681 |   2335 |    346 |      0 |    436 |   8 |  335.1 |
        Temple |    170 |    152 |     18 |      0 |    108 |   1 |  170.0 |
         Sewer |    596 |    596 |      0 |      0 |    392 |   1 |  596.0 |
               +--------+--------+--------+--------+--------+-----+--------+

Top non-repeatable levels by time:
     D:6: 701 daAuts
   Sewer: 596 daAuts
     D:5: 465 daAuts
     D:3: 358 daAuts
     D:4: 338 daAuts
     D:7: 318 daAuts
     D:1: 197 daAuts
  Temple: 170 daAuts
     D:8: 169 daAuts
     D:2: 132 daAuts
